 Dungeon Crawl Stone Soup version 0.20.1-1-g8b1a95d (webtiles) character file.

406 Larett the Skirmisher (level 6, -1/87 HPs)
             Began as a Minotaur Berserker on Aug 20, 2017.
             Was a Priest of Trog.
             Succumbed to Edmund's poison
             ... on level 4 of the Dungeon.
             The game lasted 00:08:06 (2920 turns).

Larett the Skirmisher (Minotaur Berserker)          Turns: 2920, Time: 00:08:07

Health: -1/87      AC:  7    Str: 29    XL:     6   Next: 56%
Magic:  5/5        EV: 11    Int:  4    God:    Trog [***...]
Gold:   134        SH:  0    Dex: 11    Spells: 5/5 levels left

rFire    . . .     SeeInvis .   a - +0 hand axe (chop)
rCold    . . .     Gourm    .   (no shield)
rNeg     . . .     Faith    .   Q - +0 ring mail
rPois    .         Spirit   .   X - +1 hat
rElec    .         Reflect  .   (no cloak)
rCorr    .         Harm     .   (no gloves)
MR       .....                  P - +0 pair of boots
Stlth    ..........             (no amulet)
Regen    0.3/turn               s - +2 ring of strength
MPRegen  0.1/turn               (no ring)

@: berserking (expiring), lethally poisoned (-1 -> -54), very quick
A: retaliatory headbutt, horns 2
a: Berserk, Trog's Hand, Burn Spellbooks, Renounce Religion


You were on level 4 of the Dungeon.
You worshipped Trog.
Trog was most pleased with you.
You were hungry.

You visited 1 branch of the dungeon, and saw 4 of its levels.

You collected 134 gold pieces.

Inventory:

Hand Weapons
 a - a +0 hand axe of chopping (weapon)
 b - a +0 battleaxe
 Z - a +0 morningstar of draining
Missiles
 d - 23 arrows
 g - 100 stones (quivered)
 j - 20 poisoned needles
 y - 8 curare-tipped needles
 U - 45 sling bullets
Armour
 P - a +0 pair of boots (worn)
 Q - a +0 ring mail (worn)
 X - a +1 hat (worn)
Jewellery
 s - a +2 ring of strength (left hand)
Scrolls
 T - 2 scrolls of teleportation
 W - a scroll of enchant weapon {unknown}
Potions
 k - 2 potions of mutation {!q}
 l - a potion of heal wounds {unknown}
 n - a potion of curing {unknown}
 r - a potion of haste
 R - a potion of degeneration {unknown}
 S - a potion of cancellation {unknown}
Comestibles
 c - 2 bread rations
 f - 5 royal jellies
 z - a meat ration
 V - 7 fruits
 Y - 2 chunks of flesh {@w1}


   Skills:
 + Level 6.9 Fighting
 + Level 6.8 Axes
 - Level 2.4 Armour
 - Level 2.1 Dodging


You had 5 spell levels left.
You didn't know any spells.

Dungeon Overview and Level Annotations

Branches:
Dungeon (4/15)
 Temple: D:4-7

Altars:
Dithmenos


Innate Abilities, Weirdness & Mutations

You reflexively headbutt those who attack you in melee.
You have a pair of horns on your head.


Message History

You feel very sick.
Edmund hits you with a dire flail of venom.
* * * LOW HITPOINT WARNING * * *
You are more poisoned.
You barely miss Edmund. You headbutt Edmund!
Edmund is almost dead.
* * * LOW HITPOINT WARNING * * *
You feel very sick. Edmund closely misses you. You furiously retaliate!
You headbutt Edmund!
You kill Edmund!
Trog accepts your kill.
You are too berserk!
* * * LOW HITPOINT WARNING * * *
You feel very sick.
Found a stone staircase leading down.
Things that are here:
a dire flail of venom; a scale mail You are too berserk!
You feel a strong urge to attack something.
You die...

># #. .. #. ...# # #. ..
#..#.# #..#. ##..#.##
#..#. ## ....... #....
#.#.# ##..#.# #....#.⌠.#
###...#.# #<.#.)#
........####..##@##
#...<.............##
.........####....#.##?#
.........'...........#
.........####....###...#
#.......## ##.#.# ####
##.....## #..... ##...##
#.....# ##+## ......#


There were no monsters in sight!

Vanquished Creatures
  Edmund (D:4)
  The ghost of sweetbreads the Vexing, an amateur KoAM (D:3)
  An orc priest (D:3)
  A bullfrog skeleton (D:3)
  A hound zombie (D:3)
  4 adders
  An ooze (D:3)
  A worm (D:2)
  2 dart slugs
  2 leopard geckos
  4 orcs (D:3)
  4 giant cockroaches
  12 goblins
  9 hobgoblins
  2 quokkas
  7 bats
  7 frilled lizards
  6 kobolds
  6 rats
  5 plants (D:1)
77 creatures vanquished.

Notes
Turn   | Place    | Note
-------+----------+-------------------------------------------
     0 | D:1      | Larett the Minotaur Berserker began the quest for the Orb.
     0 | D:1      | Reached XP level 1. HP: 19/19 MP: 0/0
   298 | D:1      | Reached XP level 2. HP: 26/27 MP: 1/1
   719 | D:1      | Reached ** piety under Trog
   982 | D:1      | Reached XP level 3. HP: 28/33 MP: 2/2
  1445 | D:2      | Found a shadowy altar of Dithmenos.
  1988 | D:3      | Reached XP level 4. HP: 32/41 MP: 3/3
  1993 | D:3      | Noticed sweetbreads's ghost (amateur KoAM)
  2165 | D:3      | Killed sweetbreads's ghost
  2165 | D:3      | Reached XP level 5. HP: 50/50 MP: 4/4
  2195 | D:3      | Lost intelligence.
  2337 | D:3      | Reached skill level 6 in Fighting
  2337 | D:3      | Reached skill level 6 in Axes
  2413 | D:3      | Reached *** piety under Trog
  2418 | D:3      | Reached XP level 6. HP: 29/57 MP: 5/5
  2907 | D:4      | Noticed Edmund
  2918 | D:4      | HP: 4/87 [poisoned by Edmund]
  2918 | D:4      | Killed Edmund
  2919 | D:4      | HP: 1/87 [poisoned by Edmund]
  2920 | D:4      | Succumbed to Edmund's poison

Skill      XL: |  1  2  3  4  5 |
---------------+----------------+-----
Axes           | 4 5 6 |  6.8
Fighting       | 4 5 6 |  6.9
Armour         | |  2.4
Dodging        | |  2.1

Action                   |  1- 3 |  4- 6 || total
-------------------------+-------+-------++-------
Melee: Hand axe          |   194 |    30 ||   224
       Headbutt          |    62 |    14 ||    76
       Battleaxe         |       |    24 ||    24
       Short sword       |       |     7 ||     7
Invok: Berserk           |       |     2 ||     2
       Burn Spellbooks   |       |     1 ||     1
       Trog's Hand       |       |     1 ||     1
  Use: Scroll            |       |     5 ||     5
  Eat: Chunk             |     3 |     5 ||     8
Armor: Animal skin       |     4 |       ||     4
       Leather armour    |    15 |    13 ||    28
Dodge: Dodged            |    53 |    34 ||    87
